 Dungeon Crawl Stone Soup version 0.28.0-43-g3370ac3207 (webtiles) character file.

Game seed: 8002512941135677947

762 DearestLeader the Shield-Bearer (level 7, -7/60 HPs)
             Began as a Gnoll Fighter on Mar 28, 2022.
             Mangled by an orc warrior
             ... wielding a +0 battleaxe
              (9 damage)
             ... on level 4 of the Dungeon.
             The game lasted 00:05:58 (3851 turns).

DearestLeader the Shield-Bearer (Gnoll Fighter)     Turns: 3851, Time: 00:05:59

Health: -7/60      AC: 15    Str: 17    XL:     7   Next: 81%
Magic:  11/11      EV: 11    Int:  7    God:
Gold:   257        SH:  5    Dex: 12    Spells: 11/11 levels left

rFire   . . .      SeeInvis .   a - +0 war axe
rCold   . . .      Faith    .   c - +0 buckler
rNeg    . . .      Spirit   .   h - quicksilver dragon scales
rPois   .          Reflect  .   (no helmet)
rElec   .          Harm     .   q - +0 cloak
rCorr   +          Rampage  .   (no gloves)
Will    +....                   m - +1 pair of boots
Stlth   +.........              (no amulet)
HPRegen 0.20/turn               g - ring of resist corrosion
MPRegen 0.12/turn               (no ring)

@: mighty, invisible
A: fangs 1, strong nose, distributed training
a: no special abilities


You were on level 4 of the Dungeon.
You visited 1 branch of the dungeon, and saw 4 of its levels.
You also visited: Sewer.

You collected 257 gold pieces.

Inventory:

Hand Weapons
 a - a +0 war axe (weapon)
Missiles
 k - 44 sling bullets
Armour
 c - a +0 buckler (worn)
 h - quicksilver dragon scales (worn)
 m - a +1 pair of boots (worn)
 o - a +0 chain mail of fire resistance
 q - a +0 cloak (worn)
Jewellery
 g - a ring of resist corrosion (left hand)
Scrolls
 f - a scroll of magic mapping {unknown}
 j - a scroll of vulnerability {unknown}
 l - a scroll of enchant armour
 r - a scroll of identify
Potions
 b - a potion of curing {unknown}
 e - a potion of invisibility
 i - a potion of lignification
 n - 2 potions of mutation {unknown}
 p - a potion of brilliance {unknown}


   Skills:
 + Level 7.1 Fighting
 + Level 2.7 Short Blades
 + Level 2.7 Long Blades
 + Level 5.3 Axes
 + Level 2.7 Maces & Flails
 + Level 2.7 Polearms
 + Level 2.7 Staves
 + Level 2.7 Slings
 + Level 2.7 Bows
 + Level 2.7 Crossbows
 + Level 2.7 Throwing
 + Level 7.1 Armour
 + Level 2.7 Dodging
 + Level 2.7 Stealth
 + Level 7.1 Shields
 + Level 2.7 Unarmed Combat
 + Level 2.7 Spellcasting
 + Level 2.2 Conjurations
 + Level 2.2 Hexes
 + Level 2.2 Summonings
 + Level 2.2 Necromancy
 + Level 2.2 Translocations
 + Level 2.2 Transmutations
 + Level 2.2 Fire Magic
 + Level 2.2 Ice Magic
 + Level 2.2 Air Magic
 + Level 2.2 Earth Magic
 + Level 2.2 Poison Magic
 + Level 3.0 Invocations
 + Level 2.7 Evocations


You had 11 spell levels left.
You didn't know any spells.
Your spell library contained the following spells:

 Spells                   Type           Power      Damage    Failure   Level
 Beastly Appendage        Tmut           8%         N/A       30%         1
 Magic Dart               Conj           16%        1d3       30%         1
 Call Imp                 Summ           4%         N/A       43%         2
 Searing Ray              Conj           8%         2d4       43%         2
 Wereblood                Tmut           4%         N/A       43%         2
 Mephitic Cloud           Conj/Pois/Air  4%         N/A       67%         3
 Spider Form              Tmut/Pois      4%         N/A       67%         3
 Fulminant Prism          Conj/Hex       2%         3d6       97%         4


Dungeon Overview and Level Annotations

Branches:
Dungeon (4/15)              Sewer (visited)
 Temple: D:4-7

Altars:
Ashenzari

Shops:
D:2 (


Innate Abilities, Weirdness & Mutations

You have very sharp teeth.
Your uncanny sense of smell can sniff out nearby items.
Your experience applies equally to all skills.


Message History

You block the goblin's attack.
You hit the goblin.
You kill the goblin!
You hit the goblin but do no damage. The goblin barely misses you.
You slash the goblin!
You kill the goblin!
The orc warrior hits you with a +0 battleaxe!
You hit the orc warrior.
The orc warrior is lightly wounded.
The orc warrior barely misses you.
You hit the orc warrior.
The orc warrior is moderately wounded.
The orc warrior hits you with a +0 battleaxe.
You hit the orc warrior.
The orc warrior is moderately wounded.
The orc warrior hits you but does no damage.
The orc warrior hits you with a +0 battleaxe.
You hit the orc warrior but do no damage.
The orc warrior is moderately wounded.
The orc warrior hits you with a +0 battleaxe!
You hit the orc warrior.
The orc warrior is heavily wounded.
The orc warrior hits you with a +0 battleaxe!
You are too injured to fight recklessly!
You are too injured to fight recklessly!
You are too injured to fight recklessly!
You are too injured to fight recklessly!
You closely miss the orc warrior. Your bite misses the orc warrior.
The orc warrior is heavily wounded.
The orc warrior hits you with a +0 battleaxe!
* * * LOW HITPOINT WARNING * * *
Okay, then.
You feel very mighty all of a sudden.
The orc warrior hits you with a +0 battleaxe.
* * * LOW HITPOINT WARNING * * *
You fade into invisibility!
The orc warrior hits you with a +0 battleaxe.
* * * LOW HITPOINT WARNING * * *
The orc warrior hits you with a +0 battleaxe!
You die...

#.#.#.###.......##
#.#. #...#.#
#....(..)#####...
###.#.#
##......).......#
#.#.#
###.......######
#.#.# ######.####
#...# #....#.#
########.88.#.#
#...o##.88.#.#
#.)####@#....'.#
#.. #.#'###### ###
#.#.[# ##.#..## #
#.####.# #o.###.#
#.# #(!#.# #.#
#)!#.####.#
#####....##


You could see an orc warrior.

Vanquished Creatures
  A water moccasin (Sewer)
  An orc warrior (D:3)
  An ogre (D:4)
  A hound (D:4)
  An orc priest (D:3)
  2 jellies (D:4)
  Crazy Yiuf (D:3)
  Natasha (twice) (D:2)
  3 iguanas (D:4)
  2 orc wizards
  4 adders
  2 river rats (D:3)
  An adder skeleton (D:4)
  2 worms (D:3)
  2 dart slugs
  7 orcs
  10 bats
  5 endoplasms
  3 giant cockroaches
  6 hobgoblins
  6 jackals
  5 quokkas
  6 ball pythons
  4 frilled lizards (D:1)
  11 goblins
  10 kobolds
  6 rats
105 creatures vanquished.

Notes
Turn   | Place    | Note
-------+----------+-------------------------------------------
     0 | D:1      | DearestLeader the Gnoll Fighter began the quest for the
                  | Orb.
     0 | D:1      | Reached XP level 1. HP: 23/23 MP: 1/1
    14 | D:1      | Found a faded altar of an unknown god.
    94 | D:1      | Reached XP level 2. HP: 23/29 MP: 2/2
   415 | D:1      | Reached XP level 3. HP: 34/35 MP: 3/3
   786 | D:2      | Reached skill level 1 in Invocations
   787 | D:2      | Found Edot's Weapon Emporium.
   802 | D:2      | Reached skill level 1 in Short Blades
   802 | D:2      | Reached skill level 1 in Long Blades
   802 | D:2      | Reached skill level 1 in Maces & Flails
   802 | D:2      | Reached skill level 1 in Polearms
   802 | D:2      | Reached skill level 1 in Staves
   802 | D:2      | Reached skill level 1 in Slings
   802 | D:2      | Reached skill level 1 in Bows
   802 | D:2      | Reached skill level 1 in Crossbows
   802 | D:2      | Reached skill level 1 in Throwing
   802 | D:2      | Reached skill level 1 in Dodging
   802 | D:2      | Reached skill level 1 in Stealth
   802 | D:2      | Reached skill level 1 in Unarmed Combat
   802 | D:2      | Reached skill level 1 in Spellcasting
   802 | D:2      | Reached skill level 1 in Evocations
   874 | D:2      | Reached XP level 4. HP: 41/41 MP: 5/5
   929 | D:2      | Noticed Natasha
   938 | D:2      | Killed Natasha
  1054 | D:2      | Noticed Natasha
  1056 | D:2      | Found a broken altar of Ashenzari.
  1065 | D:2      | Killed Natasha
  1066 | D:2      | Reached skill level 1 in Conjurations
  1066 | D:2      | Reached skill level 1 in Hexes
  1066 | D:2      | Reached skill level 1 in Summonings
  1066 | D:2      | Reached skill level 1 in Necromancy
  1066 | D:2      | Reached skill level 1 in Translocations
  1066 | D:2      | Reached skill level 1 in Transmutations
  1066 | D:2      | Reached skill level 1 in Fire Magic
  1066 | D:2      | Reached skill level 1 in Ice Magic
  1066 | D:2      | Reached skill level 1 in Air Magic
  1066 | D:2      | Reached skill level 1 in Earth Magic
  1066 | D:2      | Reached skill level 1 in Poison Magic
  1465 | D:3      | Reached XP level 5. HP: 38/47 MP: 5/7
  1569 | D:3      | Found a glowing drain.
  1573 | Sewer    | Entered a sewer
  1658 | Sewer    | Noticed a water moccasin
  1666 | Sewer    | Killed a water moccasin
  1667 | Sewer    | Reached XP level 6. HP: 53/53 MP: 8/8
  2168 | D:3      | Noticed an orc warrior
  2206 | D:3      | Killed an orc warrior
  2207 | D:3      | Reached skill level 5 in Axes
  2482 | D:3      | Found a runed translucent door.
  2483 | D:3      | Noticed Crazy Yiuf
  2708 | D:3      | Killed Crazy Yiuf
  2709 | D:3      | Reached XP level 7. HP: 55/59 MP: 10/10
  3848 | D:4      | HP: 1/60 [orc warrior/+0 battleaxe (6)]
  3851 | D:4      | Mangled by an orc warrior

Illustrated notes

Levels and vault maps discovered:
D:1:      scummos_arrival_simple_fountains, layout_rooms,
          ebering_ecumenical_altar_ruins
D:2:      layout_basic, serial_shops, nicolae_shop_bloodbath_and_beyond,
          basic_altar, uniq_natasha
D:3:      layout_loops_ring, gup_sewer_entry_spiral, uniq_crazy_yiuf_cottage
D:4:      minmay_chambers_of_fours, layout_layer_cave, serial_co_window_serial,
          co_window_of_opportunity_a, co_window_paths_a, co_window_corner_a,
          co_window_paths_a, co_window_corner_a, co_window_corner_b,
          co_window_2corner, co_window_of_opportunity_c,
          co_window_of_opportunity_b, glass_columns_a, glass_columns_a,
          glass_columns_a

Skill      XL: |  1  2  3  4  5  6  7 |
---------------+----------------------+-----
Invocations    | 1 2 3 |  3.0
Short Blades   | 1 2 |  2.7
Long Blades    | 1 2 |  2.7
Maces & Flails | 1 2 |  2.7
Polearms       | 1 2 |  2.7
Staves         | 1 2 |  2.7
Slings         | 1 2 |  2.7
Bows           | 1 2 |  2.7
Crossbows      | 1 2 |  2.7
Throwing       | 1 2 |  2.7
Dodging        | 1 2 |  2.7
Stealth        | 1 2 |  2.7
Unarmed Combat | 1 2 |  2.7
Spellcasting   | 1 2 |  2.7
Evocations     | 1 2 |  2.7
Conjurations   | 1 2 |  2.2
Hexes          | 1 2 |  2.2
Summonings     | 1 2 |  2.2
Necromancy     | 1 2 |  2.2
Translocations | 1 2 |  2.2
Transmutations | 1 2 |  2.2
Fire Magic     | 1 2 |  2.2
Ice Magic      | 1 2 |  2.2
Air Magic      | 1 2 |  2.2
Earth Magic    | 1 2 |  2.2
Poison Magic   | 1 2 |  2.2
Axes           | 5 |  5.3
Fighting       | 7 |  7.1
Armour         | 7 |  7.1
Shields        | 7 |  7.1

Action                   |  1- 3 |  4- 6 |  7- 9 || total
-------------------------+-------+-------+-------++-------
Melee: War axe           |    81 |   112 |    75 ||   268
       Bite              |     8 |     4 |     7 ||    19
  Use: Scroll            |       |     2 |     1 ||     3
       Potion            |       |     2 |     2 ||     4
 Stab: Sleeping          |       |       |     2 ||     2
Armor: Scale mail        |    41 |       |       ||    41
       Quicksilver drago |       |    46 |    42 ||    88
Dodge: Dodged            |    30 |    58 |    57 ||   145
Block: Buckler           |    25 |    24 |    29 ||    78
